 Dungeon Crawl Stone Soup version 0.19.5 (webtiles) character file.

156 KyrSir05 the Stinger (level 5, -1/28 HPs)
             Began as a Tengu Venom Mage on Apr 26, 2017.
             Slain by a centaur skeleton (3 damage)
             ... on level 5 of the Dungeon.
             The game lasted 00:26:36 (3004 turns).

KyrSir05 the Stinger (Tengu Venom Mage)             Turns: 3004, Time: 00:26:36

Health: -1/28      AC:  4    Str:  8    XL:     5   Next: 38%
Magic:  9/10       EV: 16    Int: 16    God:
Gold:   117        SH:  0    Dex: 15    Spells: 1 memorised, 8 levels left

rFire  . . .     SeeInvis .     q - wand of acid (4/15)
rCold  + . .     Gourm    .     a - +1 robe
rNeg   . . .     Faith    .     (no shield)
rPois  .         Spirit   .     (helmet restricted)
rElec  .         Reflect  .     (no cloak)
rCorr  .         Harm     .     j - +0 pair of gloves
MR     .....                    (boots unavailable)
Stlth  ++........               (no amulet)
                                (no ring)
                                n - ring of protection from cold

@: flying quickly and evasively, quick
A: beak, talons 3, able to fly 1
a: no special abilities


You were on level 5 of the Dungeon.
You were not hungry.

You visited 1 branch of the dungeon, and saw 6 of its levels.

You collected 117 gold pieces.

Inventory:

Hand Weapons
 d - a +0 club
 e - a +0 dagger
 f - a +0 club
 g - a +0 short sword
 i - a +0 falchion
 l - a +0 club
 m - a +0 whip
 t - a +0 short sword
Missiles
 h - 17 stones (quivered)
 o - 3 tomahawks
 v - 2 large rocks
Armour
 a - a +1 robe (worn)
 j - a +0 pair of gloves (worn)
Jewellery
 n - a ring of protection from cold (left hand)
Wands
 q - a wand of acid (4/15) (in hand)
Scrolls
 r - a scroll of remove curse
 u - a scroll of identify
Potions
 k - 2 potions of degeneration {unknown}
Books
 b - a Young Poisoner's Handbook

   Spells                             Type                      Level
   a - Sting                          Conjuration/Poison           1
   b - Mephitic Cloud                 Conjuration/Poison/Air       3
   c - Olgreb's Toxic Radiance        Poison                       4
   d - Alistair's Intoxication        Transmutation/Poison         5
   e - Venom Bolt                     Conjuration/Poison           5
Comestibles
 c - 2 bread rations
 p - a royal jelly
 s - a beef jerky


   Skills:
 + Level 0.8 Fighting
 + Level 2.9 Dodging
 + Level 2.7 Stealth
 + Level 2.6 Spellcasting
 + Level 2.7 Conjurations
 + Level 4.9 Poison Magic


You had 8 spell levels left.
You knew the following spells:

 Your Spells              Type           Power        Failure   Level  Hunger
a - Sting                 Conj/Pois      ##..         4%          1    #......


Dungeon Overview and Level Annotations

Branches:
Dungeon (6/15)
 Temple: D:4-7

Altars:
Hepliaklqana


Innate Abilities, Weirdness & Mutations

You have a beak for a mouth.
You have claws for feet.
You can fly.


Message History

* * * LOW HITPOINT WARNING * * *
The centaur skeleton completely misses you.
Okay, then.
What are your orders? t - Shout!
Orders for allies: a - Attack new target. p - Attack previous target. r - Retreat! s - Stop attacking. g - Guard the area. f - Follow me.
Anything else - Cancel.
Okay, then.
The centaur skeleton hits you.
* * * LOW HITPOINT WARNING * * *
You clumsily bash the centaur skeleton but do no damage.
The centaur skeleton is heavily damaged.
The centaur skeleton closely misses you.
The centaur skeleton barely misses you.
You clumsily bash the centaur skeleton but do no damage.
The centaur skeleton is heavily damaged.
The centaur skeleton hits you.
You die...

#........# ###
#......### ....
#......# ####. #....
####...##.....
#....########.........#
#.....................#
#.....................+
......................#
##......Z@..........>.#
####.................#
.....................#
###..................#
#.##.................
#. #.###..##.......###
#. #.# #..##.......# #.
....##.......# ######.#
.......


You could see a centaur skeleton.

Vanquished Creatures
  A crimson imp (D:5)
  A hound (D:4)
  An iguana (D:5)
  4 adders
  4 orcs (D:3)
  3 giant cockroaches
  2 goblins
  2 jackals (D:4)
  2 quokkas
  5 bats
  A frilled lizard (D:4)
  2 kobolds (D:2)
  5 rats
33 creatures vanquished.

Notes
Turn   | Place    | Note
-------+----------+-------------------------------------------
     0 | D:1      | KyrSir05 the Tengu Venom Mage began the quest for the Orb.
     0 | D:1      | Reached XP level 1. HP: 10/10 MP: 4/4
   251 | D:2      | Reached XP level 2. HP: 15/15 MP: 4/6
   925 | D:3      | Reached XP level 3. HP: 4/19 MP: 0/7
  1686 | D:3      | Reached skill level 1 in Conjurations
  1938 | D:5      | Entered Level 5 of the Dungeon
  1943 | D:5      | Reached XP level 4. HP: 5/24 MP: 4/8
  2218 | D:4      | Found a hazy altar of Hepliaklqana.
  2717 | D:5      | Gained mutation: You can fly. [Tengu growth]
  2717 | D:5      | Reached XP level 5. HP: 24/28 MP: 3/9
  2769 | D:5      | Found Opuese Neqi's Weapon Emporium.
  3002 | D:5      | HP: 1/28 [centaur skeleton (5)]
  3004 | D:5      | Slain by a centaur skeleton

Skill      XL: |  1  2  3  4 |
---------------+-------------+-----
Conjurations   | 1 2 |  2.7
Fighting       | |  0.8
Dodging        | |  2.9
Stealth        | |  2.7
Spellcasting   | |  2.6
Poison Magic   | |  4.9

Action                   |  1- 3 |  4- 6 || total
-------------------------+-------+-------++-------
Melee: Club              |     7 |       ||     7
       Dagger            |    22 |       ||    22
       Peck              |     3 |     5 ||     8
       Kick              |     2 |     8 ||    10
       Falchion          |     3 |       ||     3
Throw: Stone             |       |     1 ||     1
 Cast: Sting             |    43 |    32 ||    75
 Abil: Fly               |       |     1 ||     1
Evoke: Wand              |     1 |     2 ||     3
  Use: Scroll            |     4 |     3 ||     7
       Potion            |     1 |       ||     1
  Eat: Chunk             |     2 |       ||     2
       Beef jerky        |     1 |       ||     1
       Meat ration       |       |     1 ||     1
Armor: Robe              |    13 |     9 ||    22
Dodge: Dodged            |    28 |    38 ||    66
       Rpst.: Falchion   |     1 |       ||     1
